 Dungeon Crawl Stone Soup version 0.30.0-10-gfe55d96785 (console) character file.

Game seed: 9910298742294000489

62853 Mandevil the Executioner (level 14, -2/138 HPs)
             Began as a Minotaur Berserker on May 16, 2023.
             Was the Champion of Trog.
             Killed by divine providence
             ... invoked by an orc priest
              (12 damage)
             ... on level 2 of the Orcish Mines.
             The game lasted 00:44:43 (19522 turns).

Mandevil the Executioner (Minotaur Berserker)      Turns: 19522, Time: 00:44:44

Health: -2/138     AC: 13    Str: 33    XL:     14   Next: 65%
Magic:  13/13      EV: 18    Int:  4    God:    Trog [******]
Gold:   1992       SH:  0    Dex: 17    Spells: 13/13 levels left

rFire   . . .        a - +7 battleaxe {protect, rC+ rN+ Will+}
rCold   + . .        (shield currently unavailable)
rNeg    + + .        A - +2 ring mail {Will+}
rPois   .            j - +1 hat of True Grit {Contam Str+7}
rElec   .            m - +2 cloak
rCorr   .            Z - +0 pair of gloves {Stlth+}
SInv    .            n - +0 pair of boots
Will    +++++        T - amulet of the acrobat
Stlth   ++           D - +6 ring of dexterity
HPRegen 1.43/turn    k - ring of positive energy
MPRegen 0.13/turn

%: acrobat
@: strong-willed, on berserk cooldown, regenerating, slowed, studying Dodging,
very slow
A: horns 2, retaliatory headbutt
a: Renounce Religion, Berserk, Trog's Hand, Brothers in Arms


You were on level 2 of the Orcish Mines.
You worshipped Trog.
Trog was exalted by your worship.
You visited 3 branches of the dungeon, and saw 19 of its levels.
You also visited: Sewer, Bailey and Volcano.

You collected 1992 gold pieces.

Inventory:

Hand Weapons
 a - the +7 battleaxe of Capital Punishment (weapon) {protect, rC+ rN+ Will+}
   (You acquired it on level 4 of the Dungeon)

   rC:        It protects you from cold.
   rN:        It protects you from negative energy.
   Will:      It increases your willpower.
 b - a +1 sling of flaming
 f - a +1 battleaxe of flaming
 B - a +0 antimagic executioner's axe
 P - the +2 trident of Tenacity {heavy, rPois rN+ Int+2 SInv}
   (You found it on level 9 of the Dungeon)

   Int:       It affects your intelligence (+2).
   rPois:     It protects you from poison.
   rN:        It protects you from negative energy.
   SInv:      It lets you see invisible.
 X - a +9 heavy executioner's axe
Missiles
 e - 60 poisoned darts (quivered)
 s - 143 stones
 x - 3 throwing nets
 y - 17 boomerangs
 H - 5 javelins
 J - a curare-tipped dart
 N - 6 silver javelins
 W - a boomerang of dispersal {=F=f}
Armour
 j - the +1 hat of True Grit (worn) {Contam Str+7}
   (You acquired it in a bailey)

   Str:       It affects your strength (+7).
   Contam:    It causes magical contamination when unequipped.
 m - a +2 cloak (worn)
 n - a +0 pair of boots (worn)
 A - a +2 ring mail of willpower (worn)
 G - +0 acid dragon scales
 S - a +2 chain mail of fire resistance
 Z - a +0 pair of gloves of stealth (worn)
Jewellery
 k - a ring of positive energy (right hand)
 D - a +6 ring of dexterity (left hand)
 T - an amulet of the acrobat (around neck)
 Y - a ring of protection from fire
Wands
 c - a wand of iceblast (27)
 o - a wand of charming (33)
 M - a wand of polymorph (4)
 Q - a wand of mindburst (5)
Scrolls
 d - a scroll of enchant armour
 l - 6 scrolls of teleportation
 p - 2 scrolls of magic mapping
 u - 3 scrolls of poison
 w - a scroll of silence
 L - 6 scrolls of fog
 U - a scroll of torment
 V - a scroll of fear
Potions
 g - 5 potions of curing
 h - 5 potions of haste
 i - 7 potions of brilliance
 q - 6 potions of mutation
 r - 6 potions of cancellation
 t - 4 potions of flight
 v - 3 potions of invisibility
 z - 4 potions of lignification
 E - a potion of resistance
 I - 2 potions of might
 K - 4 potions of attraction
 O - 4 potions of heal wounds
 R - 3 potions of ambrosia {unknown}
Miscellaneous
 F - a box of beasts


   Skills:
 + Level 16.5 Fighting
 * Level 21.7 Axes
 - Level 11.2 Ranged Weapons
 - Level 2.4 Armour
 - Level 12.0 Dodging


You had 13 spell levels left.
You didn't know any spells.
Your spell library was empty.

Dungeon Overview and Level Annotations

Branches:
Dungeon (12/15)            Temple (0/1) D:5            Lair (5/5) D:10
 Shoals (0/4) Lair:3       Spider (0/4) Lair:3        Slime (0/5) Lair:5
    Orc (2/2) D:9             Elf (0/3) Orc:2         Sewer (visited)
 Bailey (visited)         Volcano (visited)

Altars:
Cheibriados
Dithmenos
Gozag
Okawaru
Sif Muna
Trog
Jiyva

Shops:
D:5 :   D:9 *   Orc:2 :

Portals:
Trove: D:10 (lose all piety)

Annotations:
D:3 2 transporters, NoOffense's ghost, amateur TrWn
D:8 3 runed translucent doors, Name63's ghost, novice MiHu
Lair:3 3 runed translucent doors, sefie's ghost, journeyman GrFE
Orc:2 Donald


Innate Abilities, Weirdness & Mutations

You have a pair of horns on your head.
You reflexively headbutt those who attack you in melee.


Message History

The orc priest no longer looks unusually strong.
The orc warrior no longer looks unusually strong. x2
The orc warrior looks desperately for an escape route.
The orc warrior yells at you, "GO AWAY!"
The orc priest casts a cantrip, but nothing happens.
The orc wizard gestures wildly while chanting.
The orc wizard flickers and vanishes!
Deactivating autopickup; reactivate with Ctrl-A.
The orc wizard mumbles some strange words.
The orc wizard flickers and vanishes!
The orc wizard mumbles some strange words.
The orc wizard flickers and vanishes!
The orc wizard casts a spell.
The orc wizard flickers and vanishes!
The orc knight roars a battlecry!
The orcs go into a battle-frenzy!
The orc wizard starts to cry.
The orc wizard casts a spell.
The orc wizard flickers and vanishes!
The orc wizard gestures wildly while chanting.
The orc wizard flickers and vanishes!
An orc priest comes into view. It is wielding a +0 short sword.
The orc high priest calls down the wrath of Beogh upon you.
Something writhes in agony.
The orc warrior howls, "Help!"
Donald the Adventurer comes into view.
He is wielding a +4 eveningstar of freezing.
You hear a shout!
Your stone giant goes berserk!
The orc priest shouts!
Donald casts a spell.
Donald seems to speed up.
The orc high priest prays to Beogh.
The orc knight unwields a +2 battleaxe of draining.
The orc knight wields a +0 arbalest.
The orc knight shoots a bolt.
The bolt hits you.
* * * LOW HITPOINT WARNING * * *
An orc sorcerer comes into view.
It is wielding a +0 dagger and wearing a +0 robe of positive energy.
The orc priest calls down the wrath of Beogh upon you.
Beogh smites you!
You die...

#oo...@..
#........
#o.......
#...o}...
#o.o..4..
#.......o
#..###.{...o..
#.....H4o....o
.........4.4...
........C......
....###......o.
... #....o...
## #....o...
#...{ooo..
#..ooo...
#..oo.###


You could see Donald (fast), an orc knight, an orc high priest (strong), an
orange demon (summoned), a hellwing (summoned, expiring, fleeing), an ice devil
(summoned), a chaos spawn (summoned, ally target), 3 orc sorcerers, 8 orc
warriors, 4 orc priests, 2 orcs and a friendly stone giant (summoned, berserk).

Vanquished Creatures
  2 orc warlords
  Josephine (Orc:2)
  A fire dragon (Volcano)
  5 hydras
  Erolcha (Orc:2)
  Harold (D:11)
  An ogre mage (Orc:1)
  2 boulder beetles
  A catoblepas (Lair:5)
  4 two-headed ogres
  A deep troll shaman (Lair:5)
  5 death yaks (Lair:5)
  An orc high priest (Orc:2)
  3 sun demons (Volcano)
  An orb spider (Lair:3)
  A lindwurm (Lair:5)
  3 orc knights
  2 cyclopes
  A guardian serpent (shapeshifter) (D:11)
  Joseph (D:10)
  Maurice (D:10)
  12 elephants
  A water nymph (Lair:3)
  7 black mambas
  Maggie (D:7)
  7 cane toads
  2 torpor snails
  A gargoyle (D:11)
  A kobold demonologist (D:9)
  2 rime drakes
  12 komodo dragons
  A yaktaur (D:11)
  2 unseen horrors (D:11)
  2 polar bears
  9 trolls
  6 hornets
  Grinder (D:6)
  A dream sheep (Lair:3)
  5 blink frogs (Lair:5)
  2 spriggans (Lair:3)
  9 wyverns
  22 yaks
  2 shadows (D:9)
  A vampire (D:11)
  8 wraiths
  A hog (shapeshifter) (D:11)
  4 basilisks
  9 steam dragons
  3 vampire mosquitoes (D:10)
  3 wargs (Orc:1)
  2 hell hounds (Volcano)
  An acid dragon (D:11)
  14 water moccasins
  A floating eye (Orc:1)
  38 orc warriors
  An ice beast (D:6)
  3 sky beasts
  11 ogres
  A black bear (Lair:5)
  8 wolves
  6 centaurs
  7 kobold brigands
  12 bullfrogs
  5 gnoll sergeants
  A scorpion (D:5)
  4 wights (D:8)
  23 killer bees
  A howler monkey (D:5)
  7 electric eels
  7 hounds
  2 gnoll boudas (D:6)
  9 jellies
  19 orc priests
  5 iguanas
  Jessica (D:3)
  2 sleepcaps
  20 orc wizards
  Robin (D:4)
  4 river rats (Sewer)
  10 adders
  23 gnolls
  2 shadow imps (D:8)
  A white imp (D:7)
  An ufetubus (D:4)
  3 worms
  5 dart slugs
  99 orcs
  16 endoplasms
  5 giant cockroaches
  20 hobgoblins
  6 jackals
  2 quokkas
  14 ball pythons
  5 bats
  9 frilled lizards
  26 goblins
  22 kobolds
  7 rats
668 creatures vanquished.

Notes
Turn   | Place    | Note
-------+----------+-------------------------------------------
     0 | D:1      | Mandevil the Minotaur Berserker began the quest for the
                  | Orb.
     0 | D:1      | Reached XP level 1. HP: 19/19 MP: 0/0
   131 | D:1      | Reached skill level 4 in Axes
   177 | D:1      | Reached XP level 2. HP: 25/27 MP: 1/1
  1331 | D:2      | Reached XP level 3. HP: 34/34 MP: 2/2
  1404 | D:2      | Reached ** piety under Trog
  1573 | D:2      | Reached XP level 4. HP: 40/41 MP: 3/3
  1608 | D:2      | Reached skill level 5 in Axes
  1646 | D:2      | Reached skill level 5 in Fighting
  2037 | D:3      | Found an iron altar of Okawaru.
  2117 | D:3      | Found a transporter.
  2121 | D:3      | Noticed NoOffense's ghost (amateur TrWn)
  2144 | D:3      | Found a transporter.
  2193 | D:3      | Noticed a bullfrog
  2196 | D:3      | Killed a bullfrog
  2196 | D:3      | Reached *** piety under Trog
  2197 | D:3      | Reached XP level 5. HP: 50/50 MP: 4/4
  2440 | D:3      | Reached skill level 6 in Axes
  2823 | D:3      | Noticed Jessica
  2827 | D:3      | Killed Jessica
  3057 | D:4      | Found a glowing drain.
  3065 | D:4      | Reached skill level 1 in Ranged Weapons
  3077 | D:4      | Reached XP level 6. HP: 57/57 MP: 5/5
  3079 | Sewer    | Entered a sewer
  3290 | Sewer    | Found a shimmering altar of Xom.
  3323 | Sewer    | Reached **** piety under Trog
  3667 | D:4      | Reached skill level 7 in Axes
  3667 | D:4      | Reached XP level 7. HP: 35/66 MP: 6/6
  3926 | D:4      | Noticed Robin
  3939 | D:4      | Killed Robin
  4382 | D:4      | Identified a scroll of acquirement
  4382 | D:4      | Acquired the +7 battleaxe of Capital Punishment {protect,
                  | rC+ rN+ Will+}
  4429 | D:5      | Entered Level 5 of the Dungeon
  4570 | D:5      | Found Vakifoack's Book Shop.
  4586 | D:5      | Found a staircase to the Ecumenical Temple.
  4874 | D:5      | Found a shadowy altar of Dithmenos.
  4889 | D:5      | Reached skill level 8 in Axes
  4939 | D:5      | Reached XP level 8. HP: 74/74 MP: 7/7
  5365 | D:6      | Reached skill level 9 in Axes
  5390 | D:6      | Reached ***** piety under Trog
  5401 | D:6      | Reached skill level 5 in Ranged Weapons
  5501 | D:6      | Noticed Grinder
  5510 | D:6      | Killed Grinder
  5550 | D:6      | Reached skill level 10 in Axes
  5620 | D:6      | Reached XP level 9. HP: 75/82 MP: 8/8
  5825 | D:6      | Received a gift from Trog
  6509 | D:7      | Noticed Maggie
  6520 | D:7      | Killed Maggie
  6521 | D:7      | Reached skill level 11 in Axes
  6880 | D:7      | Found a bloodstained altar of Trog.
  6880 | D:7      | Found an opulent altar of Gozag.
  7232 | D:8      | Found a runed translucent gate.
  7232 | D:8      | Found a runed translucent gate.
  7232 | D:8      | Found a runed translucent gate.
  7233 | D:8      | Noticed Name63's ghost (novice MiHu)
  7372 | D:8      | Identified the +7 flail "Arcanum" {drain, rF+}
  7653 | D:8      | Reached skill level 10 in Fighting
  7653 | D:8      | Reached skill level 12 in Axes
  7811 | D:8      | Reached XP level 10. HP: 93/93 MP: 9/9
  8248 | D:9      | Reached skill level 13 in Axes
  8360 | D:9      | Found a flagged portal.
  8386 | D:9      | Identified the +2 trident of Tenacity {heavy, rPois rN+
                  | Int+2 SInv}
  8401 | Bailey   | Entered a bailey
  8632 | Bailey   | Noticed an orc warlord
  8653 | Bailey   | Killed an orc warlord
  8654 | Bailey   | Reached skill level 14 in Axes
  8735 | Bailey   | Reached XP level 11. HP: 77/102 MP: 10/10
  8866 | Bailey   | Acquired the +1 hat of True Grit {Contam Str+7}
  8873 | Bailey   | Acquired a manual of Dodging
  9040 | D:9      | Found Juut Via's Neck Hole.
  9324 | D:9      | Found a staircase to the Orcish Mines.
  9333 | D:9      | Received a gift from Trog
  9500 | D:10     | Entered Level 10 of the Dungeon
  9500 | D:10     | Found a portal to a secret trove of treasure.
  9522 | D:10     | Reached skill level 15 in Axes
  9539 | D:9      | Reached skill level 5 in Dodging
 10067 | D:10     | Noticed a two-headed ogre
 10110 | D:10     | Noticed Maurice
 10151 | D:10     | Killed Maurice
 10440 | D:10     | Found a snail-covered altar of Cheibriados.
 10455 | D:10     | Killed a two-headed ogre
 10489 | D:10     | Found a staircase to the Lair.
 10529 | D:10     | Noticed Joseph
 10536 | D:10     | Killed Joseph
 11238 | D:11     | Reached skill level 10 in Ranged Weapons
 11341 | D:11     | Noticed an orc knight
 11353 | D:11     | Received a gift from Trog
 11357 | D:11     | Killed an orc knight
 11598 | D:11     | Noticed a two-headed ogre
 11607 | D:11     | Killed a two-headed ogre
 11612 | D:11     | Noticed a boulder beetle
 11621 | D:11     | Killed a boulder beetle
 11622 | D:11     | Reached skill level 16 in Axes
 11622 | D:11     | Reached XP level 12. HP: 74/113 MP: 11/11
 11802 | D:11     | Noticed Harold
 11816 | D:11     | Killed Harold
 12241 | D:11     | Noticed a six-headed hydra
 12245 | D:11     | Noticed a two-headed ogre
 12293 | D:11     | Killed a two-headed ogre
 12489 | D:11     | Killed a two-headed hydra
 12678 | D:11     | You fall into a shaft and drop 1 floor!
 12691 | D:12     | Noticed a two-headed ogre
 12700 | D:12     | Killed a two-headed ogre
 12922 | D:11     | Reached skill level 17 in Axes
 13169 | Lair:1   | Entered Level 1 of the Lair of Beasts
 13446 | Lair:1   | Received a gift from Trog
 14151 | Lair:2   | Reached skill level 10 in Dodging
 14197 | Lair:2   | Noticed a seven-headed hydra
 14209 | Lair:2   | Killed a three-headed hydra
 14873 | Lair:3   | Reached XP level 13. HP: 116/123 MP: 12/12
 14879 | Lair:3   | Found a shimmering blue altar of Sif Muna.
 14887 | Lair:3   | Identified the orb "Burith" {light, Dex+3}
 15009 | Lair:3   | Reached skill level 18 in Axes
 15284 | Lair:3   | Found a hole to the Spider Nest.
 15350 | Lair:3   | Found a runed translucent gate.
 15362 | Lair:3   | Found a runed translucent gate.
 15362 | Lair:3   | Found a runed translucent gate.
 15368 | Lair:3   | Noticed sefie's ghost (journeyman GrFE)
 16060 | Lair:4   | Identified the +2 whip "Viagyefo" {vamp, *Rage rPois rN+
                  | Int+5}
 17004 | Lair:5   | Entered Level 5 of the Lair of Beasts
 17024 | Lair:5   | Reached skill level 19 in Axes
 17119 | Lair:5   | Found a runed translucent door.
 17119 | Lair:5   | Found a viscous altar of Jiyva.
 17505 | Lair:5   | Reached skill level 15 in Fighting
 17560 | Lair:5   | Received a gift from Trog
 17958 | Lair:5   | Reached skill level 20 in Axes
 17964 | Lair:5   | Reached XP level 14. HP: 108/135 MP: 13/13
 18287 | Lair:5   | Reached ****** piety under Trog
 18335 | Lair:5   | Found a staircase to the Slime Pits.
 18531 | Orc:1    | Entered Level 1 of the Orcish Mines
 18730 | Orc:1    | Found a dark tunnel.
 18821 | Volcano  | Entered a volcano
 18904 | Volcano  | Reached skill level 21 in Axes
 19182 | Orc:2    | Entered Level 2 of the Orcish Mines
 19203 | Orc:2    | Noticed Erolcha
 19221 | Orc:2    | Killed Erolcha
 19233 | Orc:2    | Noticed Josephine
 19245 | Orc:2    | Killed Josephine
 19336 | Orc:2    | Found Giugurr's Book Shop.
 19435 | Orc:2    | Found a staircase to the Elven Halls.
 19478 | Orc:2    | Received a gift from Trog
 19493 | Orc:2    | Noticed an orc warlord
 19512 | Orc:2    | Killed an orc warlord
 19521 | Orc:2    | Noticed Donald
 19522 | Orc:2    | Killed from afar by an orc priest

Illustrated notes

Levels and vault maps discovered:
D:1:      giann_horns, layout_basic
D:2:      minmay_diamond_boxcup, layout_basic
D:3:      layout_basic, okawaru_metal_pillars_3, gammafunk_ghost_arena,
          uniq_jessica
D:4:      layout_gridville, cheibrodos_sewer_entry_drain,
          kennysheep_generic_room_4, uniq_robin
D:5:      minmay_general_purpose_star, layout_loops_ring,
          nicolae_overflow_hidden_temple, minmay_temple_entry_offerings,
          serial_shops, shop, minmay_misc_feat_hallway, minivault_23,
          nrook_pool_corridor, corexii_leaking_fountain,
          chequers_serial_rivers_micro_a
D:6:      layout_loops_cross, uniq_grinder
D:7:      layout_loops_corners, jmf_multi_god_temple, uniq_maggie
D:8:      layout_basic, ebering_ghost_rock_garden, serial_park_tiny_1,
          kennysheep_opposing_triangles
D:9:      layout_roguey, kennysheep_orc_monster_closet_entryway, enter_bailey_5,
          nicolae_shop_sticking_my_neck_out
D:10:     nicolae_whirlpool, layout_layer_cave, cheibriados_altar_1,
          erik_lair_island, nicolae_trove_entry_free_sample, uniq_maurice,
          uniq_joseph
D:11:     kennysheep_windowed_halls, layout_basic, special_room
          [special_room_orc], uniq_harold
D:12:     layout_loops_ring, serial_shops, shop, minivault_26,
          nicolae_splish_splash, uniq_psyche
Lair:1:   layout_loops_ring, serial_bayou_lagoon_b, infiniplex_staircase_pool,
          grunt_megastairs_1
Lair:2:   layout_long_grid, columned_hall_lemuel
Lair:3:   wad_woods_stonehenge, layout_chaotic_city,
          nicolae_shoals_entry_flooding, nicolae_spider_entry_orb_guardian,
          gammafunk_ghost_necromancy, grunt_forest_large_clearing_hut
Lair:4:   layout_layer_cave, st_stairs_12
Lair:5:   grunt_lair_end_beastmaster, layout_cave_shapes, slime_entry_2,
          eino_small_chamber_without_monster, st_stairs_13
Orc:1:    hellmonk_paralyzer, layout_diamond_mine, enter_volcano_4, basic_altar
Orc:2:    st_orc_congregation, layout_diamond_mine, serial_shops, shop,
          minmay_orc_temple_b, uniq_erolcha, uniq_donald, uniq_josephine

Skill      XL: |  1  2  3  4  5  6  7  8  9 10 11 12 13 14 |
---------------+-------------------------------------------+-----
Fighting       | 4 5 6 7 8 10 11 12 13 15 16 | 16.5
Axes           | 4 5 6 7 8 10 12 14 16 17 20 21 | 21.7
Ranged Weapons | 1 3 4 5 7 8 10 11 | 11.2
Dodging        | 7 10 12 | 12.0
Armour         | |  2.4

Action                     |  1- 3 |  4- 6 |  7- 9 | 10-12 | 13-15 || total
---------------------------+-------+-------+-------+-------+-------++-------
  Melee: Hand axe          |    82 |    70 |    31 |       |       ||   183
         Headbutt          |    10 |    15 |    31 |    83 |    83 ||   222
         Punch             |       |     3 |       |       |     1 ||     4
         Battleaxe         |       |       |   152 |   392 |   390 ||   934
         Trident           |       |       |       |     2 |       ||     2
         Broad axe         |       |       |       |    13 |    16 ||    29
         Executioner's axe |       |       |       |       |     5 ||     5
   Fire: Sling             |       |   150 |    72 |    73 |       ||   295
  Throw: Dart              |       |       |     4 |    22 |    10 ||    36
         Javelin           |       |       |     1 |       |       ||     1
 Invoke: Berserk           |       |       |     1 |     4 |     1 ||     6
         Trog's Hand       |       |       |       |     2 |     1 ||     3
         Brothers in Arms  |       |       |       |       |     1 ||     1
  Evoke: Wand              |       |       |       |    25 |     3 ||    28
    Use: Scroll            |       |     1 |    12 |    14 |     9 ||    36
         Potion            |       |       |       |       |     2 ||     2
   Stab: Distracted        |       |       |       |       |     1 ||     1
         Sleeping          |       |       |       |       |     1 ||     1
 Armour: Animal skin       |    11 |       |       |       |       ||    11
         Ring mail         |     8 |    41 |    55 |   154 |    99 ||   357
         Leather armour    |       |       |    23 |       |       ||    23
  Dodge: Dodged            |    39 |    84 |   109 |   292 |   281 ||   805
